 Dungeon Crawl Stone Soup version 0.27-a0-1513-g2aaa0cc (webtiles) character file.

Game seed: 15199053751824343980

127 Illumine the Ruffian (level 5, 0/33 HPs)
             Began as a Gargoyle Monk on July 9, 2021.
             Slain by a killer bee (1 damage)
             ... on level 4 of the Dungeon.
             The game lasted 00:05:25 (3856 turns).

Illumine the Ruffian (Gargoyle Monk)                Turns: 3856, Time: 00:05:26

Health: 0/33       AC:  6    Str: 15    XL:     5   Next: 11%
Magic:  5/5        EV: 12    Int: 11    God:
Gold:   182        SH:  0    Dex: 12    Spells: 4/4 levels left

rFire    + . .     SeeInvis .     - Unarmed
rCold    + . .     Faith    .   (no shield)
rNeg     + . .     Spirit   .   a - +0 robe
rPois    ∞         Reflect  .   (no helmet)
rElec    +         Harm     .   (no cloak)
rCorr    +         Rampage  .   (no gloves)
Will     .....     Clarity  +   (no boots)
Stlth    ++........             (no amulet)
HPRegen  0.11/turn              (no ring)
MPRegen  0.09/turn              (no ring)

@: resistant, attractive
A: sickness immunity, AC +4, negative energy resistance 1, electricity
resistance, torment resistance 1, petrification resistance, clarity,
deterioration 1
a: no special abilities


You were on level 4 of the Dungeon.
You visited 1 branch of the dungeon, and saw 4 of its levels.

You collected 182 gold pieces.

Inventory:

Armour
 a - a +0 robe (worn)
 d - a +0 buckler
Jewellery
 m - a ring of willpower
Scrolls
 b - a scroll of magic mapping {unknown}
 e - 4 scrolls of identify
 f - 3 scrolls of enchant weapon {unknown}
 g - a scroll of teleportation
 i - 2 scrolls of fog {unknown}
 k - a scroll of brand weapon {unknown}
 l - a scroll of fear {unknown}
Potions
 c - a potion of flight {unknown}
 h - a potion of lignification {unknown}
 j - a potion of mutation
 n - 2 potions of attraction
 p - a potion of curing {unknown}


   Skills:
 + Level 3.8 Fighting
 + Level 2.9 Dodging
 - Level 2.1 Stealth
 + Level 1.4 Shields
 * Level 4.6 Unarmed Combat


You had 4 spell levels left.
You didn't know any spells.
Your spell library contained the following spells:

 Spells                   Type           Power      Damage    Failure   Level
 Blink                    Tloc           N/A        N/A       47%         2
 Gell's Gravitas          Tloc           0%         N/A       71%         3
 Lesser Beckoning         Tloc           0%         N/A       71%         3
 Teleport Other           Tloc           0%         N/A       71%         3
 Animate Dead             Necr           0%         N/A       98%         4
 Manifold Assault         Tloc           0%         N/A       100%        5
 Haunt                    Necr/Summ      0%         N/A       100%        7
 Infestation              Necr           0%         N/A       100%        8


Dungeon Overview and Level Annotations

Branches:
Dungeon (4/15)
 Temple: D:4-7

Altars:
Sif Muna

Shops:
D:1 *   D:2 (


Innate Abilities, Weirdness & Mutations

You are immune to sickness and miasma.
Your stone body is resilient. (AC +4)
You are immune to poison.
You resist negative energy. (rN+)
You are resistant to electric shocks. (rElec)
You are resistant to unholy torment.
You are immune to petrification.
You possess an exceptional clarity of mind.
Your body sometimes deteriorates upon taking damage.


Message History

Sorry, you're not good enough to have a special ability.
Unknown command.
As you read the scroll labelled NIAMOF VAIQIFI, it crumbles to dust.
It is a scroll of identify.
g - 2 scrolls of teleportation The killer bee stings you.
* * * LOW HITPOINT WARNING * * *
The killer bee stings you but does no damage.
As you read the scroll of teleportation, it crumbles to dust.
You feel strangely unstable.
The killer bee stings you but does no damage.
The killer bee barely misses you. The hobgoblin barely misses you.
The killer bee completely misses you.
There is a stone staircase leading down here.
The killer bee barely misses you.
Your surroundings suddenly seem different.
You start resting.
A killer bee is nearby!
You miss the killer bee.
The killer bee buzzes angrily.
The killer bee is moderately wounded.
The killer bee completely misses you. The killer bee stings you.
* * * LOW HITPOINT WARNING * * *
Okay, then.
It was a potion of mutation.
You feel extremely strange.
You feel yourself wasting away.
Your thoughts seem clearer.
The killer bee completely misses you. The killer bee closely misses you.
It was a potion of attraction.
You feel attractive to monsters. The killer bee stings you.
* * * LOW HITPOINT WARNING * * *
The killer bee stings you but does no damage.
You hit the killer bee but do no damage.
The killer bee is moderately wounded.
The killer bee stings you but does no damage.
The killer bee completely misses you.
It was a potion of resistance.
You feel protected. The killer bee closely misses you.
The killer bee stings you.
You die...

. .
.##
#..
#.#
#.#
#.#
#y#
#@#
#.#
#.#
#.#
#.#
..#
###


You could see a killer bee.

Vanquished Creatures
  4 adders
  2 worms
  4 dart slugs (D:1)
  3 orcs (D:4)
  8 bats
  3 endoplasms
  2 giant cockroaches
  6 goblins
  3 hobgoblins
  8 jackals
  3 quokkas
  4 ball pythons
  3 frilled lizards
  13 kobolds
  6 rats
72 creatures vanquished.

Vanquished Creatures (others)
  A plant (D:3)
1 creature vanquished.

Grand Total: 73 creatures vanquished

Notes
Turn   | Place    | Note
-------+----------+-------------------------------------------
     0 | D:1      | Illumine the Gargoyle Monk began the quest for the Orb.
     0 | D:1      | Reached XP level 1. HP: 14/14 MP: 1/1
   337 | D:1      | Reached XP level 2. HP: 18/19 MP: 2/2
   589 | D:1      | Found a faded altar of an unknown god.
   837 | D:1      | Upgraded the game from 0.27-a0-1512-g99fd57b to
                  | 0.27-a0-1513-g2aaa0cc
  1072 | D:1      | Reached XP level 3. HP: 18/23 MP: 3/3
  1191 | D:1      | Reached skill level 4 in Unarmed Combat
  1226 | D:1      | Found Teniet's Assorted Antiques.
  1834 | D:2      | Found Iniry's Weapon Boutique.
  1977 | D:2      | Reached XP level 4. HP: 18/28 MP: 4/4
  2179 | D:2      | Reached skill level 1 in Shields
  3481 | D:3      | Found a shimmering blue altar of Sif Muna.
  3508 | D:3      | Reached XP level 5. HP: 24/33 MP: 5/5
  3806 | D:4      | HP: 1/33 [killer bee (3)]
  3853 | D:4      | Gained mutation: Your body sometimes deteriorates upon
                  | taking damage. [potion of mutation]
  3853 | D:4      | Gained mutation: You possess an exceptional clarity of
                  | mind. [potion of mutation]
  3854 | D:4      | HP: 1/33 [killer bee (3)]
  3856 | D:4      | Slain by a killer bee

Illustrated notes

Levels and vault maps discovered:
D:1:      dpeg_arrival_boxorama, layout_rooms, serial_shops,
          nicolae_square_shop, shapermc_ecumenical_altar_flowoftime
D:2:      layout_basic, serial_shops, shop_fountains, minmay_vboxes
D:3:      layout_loops_ring, mainiacjoe_overflow_chevrons
D:4:      gammafunk_wand_slinger, layout_loops_ring, serial_shops, shop,
          minmay_quantized

Skill      XL: |  1  2  3  4 |
---------------+-------------+-----
Unarmed Combat | 4 |  4.6
Shields        | 1 |  1.4
Fighting       | |  3.8
Dodging        | |  2.9
Stealth        | |  2.1

Action                   |  1- 3 |  4- 6 || total
-------------------------+-------+-------++-------
Melee: Unarmed           |   155 |   143 ||   298
       Punch             |     4 |     2 ||     6
  Use: Potion            |       |     3 ||     3
       Scroll            |       |     2 ||     2
 Stab: Distracted        |     1 |       ||     1
       Sleeping          |     1 |     1 ||     2
Armor: Robe              |    30 |    39 ||    69
Dodge: Dodged            |    94 |   111 ||   205

Table legend: (Time is in decaauts)
 A = Elapsed time spent in this place.
 B = Non-inter-level travel time spent in this place.
 C = Inter-level travel time spent in this place.
 D = Time resting spent in this place.
 E = Time spent auto-exploring this place.
 F = Levels seen in this place.
 G = Mean time per level.
                   A        B        C        D        E       F      G
               +--------+--------+--------+--------+--------+-----+--------+
         Total |   3833 |   3766 |     67 |   1210 |   1947 |   4 |  958.2 |
       Dungeon |   3833 |   3766 |     67 |   1210 |   1947 |   4 |  958.2 |
               +--------+--------+--------+--------+--------+-----+--------+

Top non-repeatable levels by time:
     D:1: 1693 daAuts
     D:2: 1274 daAuts
     D:3: 731 daAuts
     D:4: 134 daAuts
